 Dungeon Crawl Stone Soup version 0.28-a0-1130-gc51a68064b (webtiles) character file.

Game seed: 13087487618975964593

403 ytrimaz the Sneak (level 6, -1/40 HPs)
             Began as an Octopode Transmuter on Dec 12, 2021.
             Slain by a kobold brigand (5 damage)
             ... on level 3 of the Dungeon.
             The game lasted 00:04:49 (5596 turns).

ytrimaz the Sneak (Octopode Transmuter)             Turns: 5596, Time: 00:04:49

Health: -1/40      AC:  1    Str: 10    XL:     6   Next: 86%
Magic:  8/11       EV: 13    Int: 17    God:
Gold:   252        SH:  0    Dex: 12    Spells: 6/12 levels left

rFire   . . .      SeeInvis .     - Unarmed
rCold   . . .      Faith    .   (no shield)
rNeg    . . .      Spirit   .   (helmet restricted)
rPois   .          Reflect  .   (no amulet)
rElec   .          Harm     .   (no ring)
rCorr   .          Rampage  .   (no ring)
Will    .....                   (no ring)
Stlth   ++++......              (no ring)
HPRegen 0.13/turn               (no ring)
MPRegen 0.12/turn               (no ring)
                                (no ring)
                                (no ring)

@: mighty, very slightly contaminated
A: almost no armour, amphibious, 8 rings, camouflage 1, gelatinous body 1,
(nimble swimmer 1), tentacles
a: no special abilities


You were on level 3 of the Dungeon.
You visited 1 branch of the dungeon, and saw 3 of its levels.

You collected 252 gold pieces.

Inventory:

Wands
 f - a wand of flame (8)
Scrolls
 a - a scroll of holy word
 e - a scroll of teleportation
Potions
 b - 2 potions of might
 c - a potion of magic {unknown}
 d - 2 potions of mutation {unknown}


   Skills:
 * Level 2.3 Fighting
 - Level 2.0 Dodging
 * Level 4.5 Stealth
 + Level 4.1 Unarmed Combat
 * Level 3.6 Spellcasting
 * Level 3.5 Transmutations


You had 6 spell levels left.
You knew the following spells:

 Your Spells              Type           Power      Damage    Failure   Level
a - Beastly Appendage     Tmut           30%        N/A       3%          1
b - Wereblood             Tmut           15%        N/A       6%          2
c - Spider Form           Tmut/Pois      9%         N/A       24%         3

Your spell library contained the following spells:

 Spells                   Type           Power      Damage    Failure   Level
 Ice Form                 Ice/Tmut       9%         N/A       61%         4


Dungeon Overview and Level Annotations

Branches:
Dungeon (3/15)

Altars:
Hepliaklqana
Vehumet
Yredelemnul

Annotations:
D:3 1 runed translucent door


Innate Abilities, Weirdness & Mutations

You cannot wear most types of armour.
You are amphibious.
You can wear up to eight rings at the same time.
Your skin changes colour to match your surroundings (Stealth+).
Your rubbery body absorbs attacks. (AC +1, EV +1)
((You are camouflaged near water. (Stealth+)))
You have tentacles for arms and can constrict up to eight enemies at once.


Message History

The gnoll barely misses you.
You tentacle-slap the gnoll.
You kill the gnoll!
The gnoll hits you from afar with a +0 spear.
You tentacle-slap the kobold brigand. You grab the kobold brigand.
The kobold brigand is lightly wounded.
You constrict the kobold brigand.
The gnoll hits you from afar with a +0 spear.
The kobold brigand escapes!
Unknown command.
Unknown command.
Casting: Wereblood (safe; 6% risk of failure)
Confirm with . or Enter, or press ? or * to list all spells.
You miscast Wereblood.
You are very lightly contaminated with residual magic.
Nothing appears to happen.
The gnoll hits you from afar with a +0 spear.
* * * LOW HITPOINT WARNING * * *
The kobold brigand hits you with a +0 whip.
* * * LOW HITPOINT WARNING * * *
Okay, then.
Unknown command.
You closely miss the kobold brigand. Your grab misses the kobold brigand.
You squeeze the kobold brigand, but do no damage.
The kobold brigand is lightly wounded.
The gnoll misses you. The kobold brigand misses you.
The kobold hits you with a +0 club.
* * * LOW HITPOINT WARNING * * *
The kobold closely misses you.
You tentacle-slap the kobold brigand but do no damage.
Your grab misses the kobold brigand.
The kobold brigand is lightly wounded.
The gnoll misses you. The kobold brigand closely misses you.
The kobold closely misses you. The kobold barely misses you.
Unknown command.
It was a potion of might.
You feel very mighty all of a sudden. The gnoll closely misses you.
The kobold brigand hits you with a +0 whip.
You die...

≈≈≈≈≈≈≈≈≈≈≈≈≈≈≈≈≈≈≈≈≈≈≈≈≈########
≈≈≈≈≈≈≈≈≈≈≈≈≈≈≈≈≈≈≈≈≈≈≈≈≈≈≈≈≈≈≈≈#
≈≈≈≈≈≈≈≈≈≈≈≈≈≈≈≈≈≈≈≈≈≈≈≈≈≈#####≈≈
########################### #≈≈
.# ......#.....## ##......# #≈≈
.# ......'......###.......# .#≈≈
.#########.......#.......)##'##≈≈
..#.............K#g..........#≈≈≈
..'.............@KK........).#≈≈≈
).#.............K#K..........#≈≈≈
.#########.......#........##'##≈≈
)#)......'......###.......# ..#≈≈
.#.......#.....## ##......# ..#≈≈
########################### .#≈≈
..≈≈≈≈≈≈≈≈≈≈≈≈≈≈≈≈≈≈≈≈≈≈≈≈#####≈≈
.≈≈≈≈≈≈≈≈≈≈≈≈≈≈≈≈≈≈≈≈≈≈≈≈≈≈≈≈≈≈≈≈
.≈≈≈≈≈≈≈≈≈≈≈≈≈≈≈≈≈≈≈≈≈≈≈≈≈≈≈≈≈≈≈≈


You could see a kobold brigand, a gnoll and 4 kobolds.

Vanquished Creatures
  2 kobold brigands (D:3)
  An orc priest (D:2)
  6 gnolls (D:3)
  5 adders
  A dart slug (D:2)
  5 orcs
  7 endoplasms
  2 giant cockroaches (D:1)
  7 goblins
  11 hobgoblins
  7 jackals (D:1)
  3 quokkas (D:1)
  7 ball pythons
  2 bats
  4 frilled lizards (D:1)
  46 kobolds
  A kobold skeleton (D:3)
  4 rats
  A spectral kobold (D:3)
122 creatures vanquished.

Vanquished Creatures (others)
  2 plants (D:1)
2 creatures vanquished.

Grand Total: 124 creatures vanquished

Notes
Turn   | Place    | Note
-------+----------+-------------------------------------------
     0 | D:1      | ytrimaz the Octopode Transmuter began the quest for the
                  | Orb.
     0 | D:1      | Reached XP level 1. HP: 13/13 MP: 3/3
   373 | D:1      | Reached XP level 2. HP: 12/18 MP: 3/5
   380 | D:1      | Learned a level 2 spell: Wereblood
   535 | D:1      | Found a faded altar of an unknown god.
   550 | D:1      | Reached skill level 1 in Stealth
   678 | D:1      | You fall into a shaft and drop 1 floor!
   689 | D:2      | Reached XP level 3. HP: 18/23 MP: 4/6
   693 | D:2      | Learned a level 3 spell: Spider Form
  1746 | D:1      | Reached XP level 4. HP: 28/28 MP: 5/7
  3546 | D:2      | HP: 1/28 [orc priest/divine providence (9)]
  3551 | D:2      | Reached XP level 5. HP: 13/34 MP: 6/9
  3774 | D:3      | Found a runed translucent door.
  3774 | D:3      | Noticed a human
  3780 | D:3      | Found a basalt altar of Yredelemnul.
  3940 | D:3      | Noticed a kobold brigand
  3944 | D:3      | Noticed a kobold brigand
  4271 | D:3      | Killed a kobold brigand
  4272 | D:3      | Reached XP level 6. HP: 20/39 MP: 10/10
  4754 | D:3      | Found a hazy altar of Hepliaklqana.
  4824 | D:3      | Found a radiant altar of Vehumet.
  5596 | D:3      | Slain by a kobold brigand

Illustrated notes

Levels and vault maps discovered:
D:1:      dpeg_arrival_morbid_curiosity, layout_basic,
          shapermc_ecumenical_altar_acropolis, serial_forest,
          infiniplex_forest_clump_large, infiniplex_forest_clump_medium,
          infiniplex_forest_end_double, infiniplex_forest_lined_room_2,
          infiniplex_forest_lined_corner, infiniplex_forest_clump_curved,
          infiniplex_forest_3_way, minmay_tetromino_o4
D:2:      layout_basic, nicolae_underground_beach
D:3:      minmay_goblin_kobold_castle, layout_rooms, dk_yredelemnul_ordeal,
          nicolae_hepliaklqana_monster_ancestors, vehumet_altar_wand_db

Skill      XL: |  1  2  3  4  5  6 |
---------------+-------------------+-----
Stealth        | 1 2 3 4 |  4.5
Spellcasting   | 3 |  3.6
Transmutations | 3 |  3.5
Fighting       | 2 |  2.3
Unarmed Combat | 4 |  4.1
Dodging        | |  2.0

Action                   |  1- 3 |  4- 6 || total
-------------------------+-------+-------++-------
Melee: Unarmed           |    94 |   189 ||   283
       Constrict         |    25 |    54 ||    79
       Kick              |    19 |    25 ||    44
       Tentacles         |    13 |    43 ||    56
       Punch             |     3 |     1 ||     4
 Cast: Beastly Appendage |    25 |    25 ||    50
       Spider Form       |       |     2 ||     2
       Wereblood         |       |     2 ||     2
  Use: Scroll            |     4 |     2 ||     6
       Potion            |       |     2 ||     2
 Stab: Sleeping          |     7 |    11 ||    18
Armor: Skin              |     5 |    15 ||    20
Dodge: Dodged            |    66 |   144 ||   210

Table legend: (Time is in decaauts)
 A = Elapsed time spent in this place.
 B = Non-inter-level travel time spent in this place.
 C = Inter-level travel time spent in this place.
 D = Time resting spent in this place.
 E = Time spent auto-exploring this place.
 F = Levels seen in this place.
 G = Mean time per level.
                   A        B        C        D        E       F      G
               +--------+--------+--------+--------+--------+-----+--------+
         Total |   5581 |   5496 |     85 |    969 |   3537 |   3 | 1860.3 |
       Dungeon |   5581 |   5496 |     85 |    969 |   3537 |   3 | 1860.3 |
               +--------+--------+--------+--------+--------+-----+--------+

Top non-repeatable levels by time:
     D:3: 2121 daAuts
     D:1: 1887 daAuts
     D:2: 1572 daAuts
